 Dungeon Crawl Stone Soup version 0.30-a0-782-ge64f9170bb (webtiles) character file.

Game seed: 17688381539276085034

3359803 MCDelver the Hill Orc Cataclysm (level 27, 273/273 HPs)
             Began as a Hill Orc Fighter on Feb 24, 2023.
             Was a High Priest of Qazlal.
             Escaped with the Orb
             ... and 5 runes on Feb 26, 2023!
             The game lasted 03:47:42 (65659 turns).

MCDelver the Hill Orc Cataclysm (Hill Orc Fighter) Turns: 65659, Time: 03:47:43

Health: 273/273    AC: 52    Str: 32    XL:     27
Magic:  32/32      EV: 23    Int: 13    God:    Qazlal [*****.]
Gold:   2601       SH: 32    Dex: 15    Spells: 26/26 levels left

rFire   + . .      SeeInvis +    x - +8 mithril axe "Arga" {speed, Will+}
rCold   + . .      Faith    .    q - +2 tower shield {AC+3}
rNeg    . . .      Spirit   .    V - +12 gold dragon scales
rPois   +          Reflect  .    v - +3 crown of Dyrovepreva {rElec Int+2 SInv}
rElec   +          Harm     .    u - +2 cloak {rCorr}
rCorr   +          Rampage  .    p - +0 pair of fencer's gloves {Riposte Dex+3}
Will    ++++.                    z - +2 pair of slick slippers {slick, slippery, EV+5} Stlth
                                 b - amulet of regeneration
HPRegen 1.45/turn                U - ring of Gayxuq {rC+ Str+3 SInv}
MPRegen 0.23/turn                O - ring "Ytodgh" {rPois Will+ EV+5 Int+3 Stlth-}

@: studying 3 skills, repel missiles
A: talons 1, thin skeletal structure 1, deterioration 2, dopey 1, low MP 2, weak
1, wild magic 2, no potion heal 1, cold vulnerability 1
0: Orb of Zot
}: 5/15 runes: serpentine, barnacled, slimy, silver, abyssal
a: Renounce Religion, Upheaval, Elemental Force, Disaster Area


You escaped.
You worshipped Qazlal.
Qazlal was extremely pleased with you.
You visited 12 branches of the dungeon, and saw 56 of its levels.
You visited the Abyss 3 times.
You also visited: Trove, Sewer, Gauntlet and Ice Cave.

You collected 12629 gold pieces.
You spent 10028 gold pieces at shops.

Inventory:

Hand Weapons
 j - the +10 flail "Hell-Harrower" {antimagic, Will+ Str+9 Dex+3}
   (You found it on level 5 of the Pits of Slime)

   Str:       It affects your strength (+9).
   Dex:       It affects your dexterity (+3).
   Will:      It increases your willpower.
 k - the +9 executioner's axe of Qazlal, Screaming {holy, Will+ rCorr SInv}
   (You found it on level 5 of the Pits of Slime)

   SInv:      It lets you see invisible.
   rCorr:     It protects you from acid and corrosion.
   Will:      It increases your willpower.
 x - the +8 mithril axe "Arga" (weapon) {speed, Will+}
   (You bought it in a shop on level 3 of the Vaults)

   Will:      It increases your willpower.
Missiles
 W - 20 javelins
 X - 22 silver javelins (quivered)
Armour
 p - the +0 pair of fencer's gloves (worn) {Riposte Dex+3}
   (You found it on level 3 of the Elven Halls)

   Riposte:   It allows the wearer to riposte with melee weapons, swiftly
   retaliating against missed or blocked melee attacks.
   Dex:       It affects your dexterity (+3).
 q - a +2 tower shield of protection (worn)
 u - a +2 cloak of preservation (worn)
 v - the +3 crown of Dyrovepreva (worn) {rElec Int+2 SInv}
   (You bought it in a shop on level 1 of the Elven Halls)

   Int:       It affects your intelligence (+2).
   rElec:     It insulates you from electricity.
   SInv:      It lets you see invisible.
 z - the +2 pair of slick slippers (worn) {slick, slippery, EV+5}
   (You found it in a Gauntlet)

   Slick:     Its wearer cannot be constricted, engulfed, netted or webbed.
   Slippery:  It slips away from damaging melee attacks, pulling the attacker
   onward.
   EV:        It affects your evasion (+5).
 V - +12 gold dragon scales (worn)
Jewellery
 b - an amulet of regeneration (around neck)
 e - the ring of the Unkillable {Contam rN+ Slay+2 SInv}
   (You found it in a treasure trove)

   [ring of positive energy]

   Slay:      It affects your accuracy & damage with ranged weapons and melee
   (+2).
   rN:        It protects you from negative energy.
   SInv:      It lets you see invisible.
   Contam:    It causes magical contamination when unequipped.
 h - the ring of Ciaseug {rPois rF+ rCorr}
   (You found it in a treasure trove)

   [ring of resist corrosion]

   rF:        It protects you from fire.
   rPois:     It protects you from poison.
   rCorr:     It protects you from acid and corrosion.
 n - a ring of willpower
 J - the ring "Koacza" {Fly Str+5 Int-5}
   (You found it in an ice cave)

   [ring of flight]

   Str:       It affects your strength (+5).
   Int:       It affects your intelligence (-5).
   Fly:       It grants you flight.
 N - the amulet "Zeugy" {Reflect rElec Int+3 SH+5}
   (You took it off a deep elf blademaster on level 3 of the Elven Halls)

   [amulet of reflection]

   It reflects blocked missile attacks.
   Int:       It affects your intelligence (+3).
   rElec:     It insulates you from electricity.
   SH:        It affects your SH (+5).
 O - the ring "Ytodgh" (right hand) {rPois Will+ EV+5 Int+3 Stlth-}
   (You took it off a gnoll on level 8 of the Dungeon)

   [ring of evasion]

   EV:        It affects your evasion (+5).
   Int:       It affects your intelligence (+3).
   rPois:     It protects you from poison.
   Will:      It increases your willpower.
   Stlth:     It makes you less stealthy.
 R - a ring of positive energy
 U - the ring of Gayxuq (left hand) {rC+ Str+3 SInv}
   (You took it off a deep elf master archer on level 3 of the Elven Halls)

   [ring of see invisible]

   Str:       It affects your strength (+3).
   rC:        It protects you from cold.
   SInv:      It lets you see invisible.
Wands
 H - a wand of digging (41)
 L - a wand of light (14)
 P - a wand of paralysis (58)
 S - a wand of iceblast (37)
Scrolls
 a - 10 scrolls of magic mapping
 c - 14 scrolls of immolation
 i - a scroll of butterflies
 m - a scroll of fog
 r - 11 scrolls of blinking
 t - 6 scrolls of vulnerability
 A - 12 scrolls of fear
 I - 5 scrolls of enchant armour
 K - 21 scrolls of teleportation
 Y - 3 scrolls of silence
Potions
 d - 5 potions of might
 f - 4 potions of invisibility
 g - 9 potions of attraction
 l - 15 potions of curing
 o - 6 potions of ambrosia
 w - 7 potions of magic
 B - 6 potions of haste
 C - 11 potions of cancellation
 D - 19 potions of heal wounds
 E - a potion of mutation
 Q - 14 potions of lignification
 Z - 6 potions of resistance
Miscellaneous
 s - a phial of floods
 y - a condenser vane
 F - a tin of tremorstones (2/2)
 G - a lightning rod (4/4)
 M - a phantom mirror
 T - a box of beasts


   Skills:
 O Level 27 Fighting
 + Level 19.0 Axes
 + Level 16.6 Throwing
 * Level 25.7 Armour
 - Level 12.0 Dodging
 + Level 25.5 Shields
 O Level 27 Invocations
 - Level 9.0 Evocations


You had 26 spell levels left.
You didn't know any spells.
Your spell library contained the following spells:

 Spells                   Type           Power      Damage    Failure   Level
 Apportation              Tloc           0%         N/A       95%         1
 Foxfire                  Conj/Fire      0%         2x1d4     95%         1
 Freeze                   Ice            0%         1d3       95%         1
 Kiss of Death            Conj/Necr      0%         2d5       95%         1
 Magic Dart               Conj           0%         1d3       95%         1
 Sandblast                Erth           0%         2d4       95%         1
 Shock                    Conj/Air       0%         1d3       95%         1
 Slow                     Hex            0%         N/A       95%         1
 Summon Small Mammal      Summ           0%         N/A       95%         1
 Blink                    Tloc           0%         N/A       99%         2
 Cigotuvi's Dreadful Rot  Necr/Pois/Air  0%         N/A       99%         2
 Ensorcelled Hibernation  Hex/Ice        0%         N/A       99%         2
 Lesser Beckoning         Tloc           0%         N/A       99%         2
 Momentum Strike          Conj/Tloc      0%         3d8       99%         2
 Passwall                 Tmut/Erth      0%         N/A       99%         2
 Searing Ray              Conj           0%         2d4       99%         2
 Static Discharge         Conj/Air       0%         2-2/arc   99%         2
 Confusing Touch          Hex            0%         N/A       100%        3
 Dazzling Flash           Conj/Hex       0%         N/A       100%        3
 Gell's Gravitas          Tloc           0%         N/A       100%        3
 Ignite Poison            Fire/Tmut/Pois 0%         N/A       100%        3
 Inner Flame              Hex/Fire       0%         N/A       100%        3
 Kindle Blastsparks       Fire/Tloc/Air  0%         2d10      100%        3
 Ozocubu's Armour         Ice            0%         N/A       100%        3
 Spider Form              Tmut/Pois      0%         N/A       100%        3
 Stone Arrow              Conj/Erth      0%         3d7       100%        3
 Summon Guardian Golem    Hex/Summ       0%         N/A       100%        3
 Swiftness                Air            0%         N/A       100%        3
 Teleport Other           Tloc           0%         N/A       100%        3
 Vampiric Draining        Necr           0%         2d6       100%        3
 Vhi's Electric Charge    Tloc/Air       0%         N/A       100%        3
 Airstrike                Air            0%         2d(0-16)  100%        4
 Anguish                  Hex/Necr       0%         N/A       100%        4
 Animate Armour           Summ/Erth      0%         N/A       100%        4
 Cause Fear               Hex            0%         N/A       100%        4
 Dispel Undead            Necr           0%         3d6       100%        4
 Fulminant Prism          Conj/Hex       0%         3d5       100%        4
 Iskenderun's Mystic Bla  Conj/Tloc      0%         2d3       100%        4
 Manifold Assault         Tloc           0%         N/A       100%        4
 Olgreb's Toxic Radiance  Pois           0%         N/A       100%        4
 Petrify                  Tmut/Erth      0%         N/A       100%        4
 Sticky Flame             Conj/Fire      0%         2d3       100%        4
 Summon Ice Beast         Ice/Summ       0%         N/A       100%        4
 Summon Lightning Spire   Summ/Air       0%         N/A       100%        4
 Alistair's Intoxication  Tmut/Pois      0%         N/A       100%        5
 Arcjolt                  Conj/Air       0%         1d10      100%        5
 Blade Hands              Tmut           0%         N/A       100%        5
 Borgnjor's Vile Clutch   Necr/Erth      0%         N/A       100%        5
 Fireball                 Conj/Fire      0%         3d3       100%        5
 Freezing Cloud           Conj/Ice/Air   0%         6-21      100%        5
 Irradiate                Conj/Tmut      0%         3d11      100%        5
 Lightning Bolt           Conj/Air       0%         1d11      100%        5
 Metabolic Englaciation   Hex/Ice        0%         N/A       100%        5
 Summon Forest            Summ/Tloc      0%         N/A       100%        5
 Summon Mana Viper        Hex/Summ       0%         N/A       100%        5
 Conjure Ball Lightning   Conj/Air       0%         3x3d6     100%        6
 Death Channel            Necr           0%         N/A       100%        6
 Eringya's Noxious Bog    Tmut/Pois      0%         N/A       100%        6
 Iron Shot                Conj/Erth      0%         9d1       100%        6
 Simulacrum               Ice/Necr       0%         N/A       100%        6
 Starburst                Conj/Fire      0%         6d3       100%        6
 Statue Form              Tmut/Erth      0%         N/A       100%        6
 Summon Cactus Giant      Summ           0%         N/A       100%        6
 Dragon Form              Tmut           0%         N/A       100%        7
 Enfeeble                 Hex            0%         N/A       100%        7
 Orb of Destruction       Conj           0%         9d5       100%        7
 Ozocubu's Refrigeration  Ice            0%         4d7       100%        7
 Spellforged Servitor     Conj/Summ      0%         N/A       100%        7
 Storm Form               Tmut/Air       0%         N/A       100%        7
 Discord                  Hex            0%         N/A       100%        8
 Disjunction              Tloc           0%         N/A       100%        8
 Ignition                 Fire           0%         3d3       100%        8
 Maxwell's Capacitive Co  Air            0%         ∞         100%        8
 Summon Horrible Things   Summ           0%         N/A       100%        8
 Polar Vortex             Ice            0%         N/A       100%        9


Dungeon Overview and Level Annotations

Branches:
Dungeon (15/15)            Temple (1/1) D:4            Lair (5/5) D:11
 Shoals (4/4) Lair:2        Snake (4/4) Lair:2        Slime (5/5) Lair:4
    Orc (2/2) D:11            Elf (3/3) Orc:2        Vaults (5/5) D:13
  Crypt (3/3) Vaults:2       Tomb (0/3) Crypt:3      Depths (4/4) D:15
    Zot (5/5) Depths:4      Sewer (visited)           IceCv (visited)
Gauntlet (visited)

Altars:
Dithmenos
Gozag
Kikubaaqudgha
Makhleb
Qazlal
Sif Muna
Trog
Uskayaw
Vehumet
Wu Jian
Xom
Yredelemnul
Beogh
Jiyva

Shops:
D:6 [   D:10 [   D:11 =   D:14 (=[?   Orc:2 **[:(   Elf:1 [:   Shoals:1 !
Shoals:3 [*   Vaults:2 !   Vaults:3 [(   Depths:2 :

Portals:
Hell: Depths:1 Depths:2 Depths:3 Depths:4
Abyss: Depths:3
Pandemonium: Depths:2
Ziggurat: Depths:1

Annotations:
D:7 2 transporters, clease's ghost, novice DsGl
Zot:1 1 transporter


Innate Abilities, Weirdness & Mutations

You have sharp toenails.
You have a somewhat thin skeletal structure. (Dex +2, Stealth+)
Your body often deteriorates upon taking damage.
You are dopey. (Int -2)
Your magical capacity is very low. (-20% MP)
You are weak. (Str -2)
Your spells are harder to cast, but more powerful.
Potions are less effective at restoring your health.
You are vulnerable to cold. (rC-)


Message History

You block the hell beast's attack. The hell beast completely misses you.
You block the hell beast's attack. x2; You riposte.
You hit the hell beast but do no damage.
The Orb Guardian attacks as you move away!
You block the Orb Guardian's attack. You block the Orb Guardian's attack.
The Orb Guardian attacks as you move away!
The Orb Guardian hits you but does no damage.
You block the Orb Guardian's attack.
The Orb Guardian attacks as you move away!
You block the Orb Guardian's attack.
The Orb Guardian hits you but does no damage.
The Orb Guardian hits you.
You slip backwards!
There is a staircase leading out of the dungeon here.
You slice the Orb Guardian like a ripe choko!!!
The Orb Guardian is almost dead.
You slice the Orb Guardian!!
You kill the Orb Guardian!
Qazlal accepts your kill.
Your life force feels restored.
You slash the hell beast!
The hell beast is moderately wounded.
You slash the hell beast!
The hell beast is heavily wounded.
The hell beast is engulfed in blazing flames.
You block the hell beast's attack. x2; You riposte.
You closely miss the hell beast.
The hell beast is heavily wounded.
You slash the hell beast!
The hell beast is severely wounded.
The hell beast is engulfed in blazing flames.
You block the hell beast's attack. The hell beast completely misses you.
You hit the hell beast.
The hell beast is almost dead.
You carve the hell beast like a ham!!!
You kill the hell beast!
Qazlal accepts your kill.
You start waiting.
A demonspawn warmonger comes into view.
It is wielding a +3 demon blade of venom and wearing a +1 tower shield of cold resistance.
You have escaped!

##.........#.........#######....#
.'..............#................
##.............###.....#####....#
###.>.........#####.....## #..(.#
##.........#.....#.....######.#
##.......###..2###.....## #.#
##...4.#####6#####.....## #.#
##.....#...........#.....###.#
#.....###....@§...###.....##.#
#....#####....○^.#####....##.#
####...#.....#.§..○#.....#...##.#
...#..###...###...###...###......
##.#.#####.#####.#####.#####.....
#.#.............................
#......(###.##..###########.....
###.#.### #.....# #..... #.#.#
#.###.## #.....


You could see a demonspawn warmonger, a reaper and an orange demon.

Vanquished Creatures
  the Royal Jelly (Slime:5)
  7 ancient liches
  A dread lich (Vaults:5)
  8 orbs of fire
  2 juggernauts
  A royal mummy (Crypt:3)
  Josephina (Depths:4)
  Vv (Zot:1)
  4 Killer Klowns
  Saint Roka (Elf:2)
  Frederick (Crypt:2)
  Vashnia (Snake:3)
  2 caustic shrikes
  Margery (Crypt:2)
  3 curse toes
  12 golden dragons
  Nikola (Shoals:1)
  3 profane servitors (Abyss:3)
  the Enchantress (Depths:2)
  Jory (Vaults:3)
  2 doom hounds (Zot:1)
  2 walking crystal tomes
  3 electric golems
  18 tentacled monstrosities
  27 Orb Guardians
  Asterion (Depths:2)
  Rupert (D:13)
  Grunn (Zot:1)
  5 liches
  5 quicksilver dragons
  5 titans
  3 deep elf blademasters (Elf:3)
  13 acid blobs
  2 deep elf master archers (Elf:3)
  2 krakens (Shoals:1)
  7 ancient champions
  7 sphinxes
  4 tentacled starspawn (Abyss:3)
  10 death cobs
  10 shadow dragons
  Polyphemus (Shoals:4)
  Agnes (Elf:1)
  3 tengu reavers
  2 revenants
  14 storm dragons
  Donald (Snake:3)
  7 azure jellies
  8 draconian monks
  4 nagarajas (Snake:4)
  13 rockslimes
  7 draconian knights
  14 frost giants
  A balrug (Depths:2)
  4 draconian shifters
  8 fire giants
  An iron dragon (Depths:3)
  2 draconian scorchers
  11 deep elf sorcerers
  18 vault wardens
  A caustic shrike zombie (Depths:2)
  3 ghouls (Crypt:1)
  4 ghost moths
  4 orc warlords
  3 draconian stormcallers
  4 deep elf elementalists
  A caustic shrike skeleton (Abyss:3)
  8 draconian annihilators
  8 quicksilver oozes (Slime:5)
  4 spriggan defenders (Depths:2)
  Louise (D:14)
  14 ironbound preservers
  4 reapers
  2 cacodemons
  3 curse skulls (Crypt:1)
  3 war gargoyles
  A juggernaut skeleton (D:15)
  5 ironbound thunderhulks
  12 stone giants
  11 very ugly things
  12 black draconians
  16 green draconians
  7 vampire knights
  10 yellow draconians
  5 deep elf annihilators
  12 dire elephants
  18 purple draconians
  A bunyip (Abyss:3)
  14 red draconians
  7 deep elf demonologists
  A minotaur (Gauntlet)
  14 white draconians
  A crystal guardian (Vaults:4)
  The ghost of cheburek the Protected, a journeyman AtFi of Hepliaklqana (Lair:2)
  11 deep elf death magi
  3 blizzard demons
  6 mummy priests (Crypt:3)
  8 merfolk javelineers
  6 eidola
  11 jiangshi
  8 ettins
  9 deep elf high priests
  11 fire dragons
  20 yaktaur captains
  8 merfolk impalers
  8 ice dragons
  4 hell beasts
  8 great orbs of eyes
  3 rakshasas
  A juggernaut simulacrum (Depths:4)
  3 salamander tyrants
  6 spriggan air magi
  4 hydras
  2 peacekeepers
  A jorogumo (shapeshifter) (Vaults:5)
  27 vault guards
  10 ironbound frosthearts
  A spriggan zombie (Depths:2)
  5 merfolk avatars
  2 catoblepae
  2 ogre magi
  12 anacondas
  3 merfolk aquamancers (Shoals:2)
  A satyr (Shoals:3)
  14 two-headed ogres
  19 naga warriors
  12 centaur warriors
  7 deep troll shamans
  3 boulder beetles
  35 dancing weapons
  4 death yaks (Shoals:4)
  5 deep troll earth magi
  3 hell hogs (Depths:2)
  2 tengu warriors
  19 naga sharpshooters
  Urug (D:13)
  4 thrashing horrors (Abyss:3)
  4 orc high priests
  2 death knights
  5 spriggan berserkers
  A titan zombie (D:15)
  15 hell knights
  16 vampire magi
  7 spriggans
  3 sun demons
  5 soul eaters
  26 deep elf knights
  3 iron trolls
  4 shock serpents
  A sixfirhy (Gauntlet)
  4 salamander mystics
  3 wretched stars (Abyss:3)
  A shadow wraith (Crypt:2)
  41 skeletal warriors
  A spark wasp zombie (Depths:2)
  35 sea snakes
  43 deep trolls
  A goliath frog (Lair:5)
  3 flayed ghosts
  6 skysharks
  7 glowing orange brains
  A shadow dragon zombie (D:15)
  An obsidian statue (Zot:5)
  11 lindwurms
  9 phantasmal warriors
  9 naga ritualists
  18 harpies
  An orange crystal statue (IceCv)
  2 wizards
  41 deep elf pyromancers
  25 ironbound convokers
  An anaconda skeleton (Crypt:1)
  15 deep elf archers
  7 large abominations
  22 orc knights
  A wolf spider (D:15)
  6 necromancers
  37 ugly things
  31 deep elf zephyrmancers
  19 salamanders
  15 mana vipers
  A stone giant zombie (Crypt:1)
  An eleionoma zombie (Crypt:2)
  2 goliath frog skeletons (Crypt:3)
  8 orc sorcerers
  8 manticores
  A frost giant zombie (D:15)
  2 worldbinders (Abyss:3)
  7 shining eyes
  A will-o-the-wisp (Abyss:3)
  An orc zombie (Crypt:1)
  5 cyclopes
  A shock serpent zombie (Crypt:1)
  A jorogumo skeleton (Crypt:1)
  Maurice (D:11)
  28 moths of wrath
  Joseph (D:7)
  5 merfolk sirens
  A titan simulacrum (Depths:4)
  10 elephants (Lair:5)
  A fire giant skeleton (Depths:2)
  18 vault sentinels
  24 cane toads
  2 eyes of devastation
  3 water nymphs
  25 black mambas
  19 naga magi
  4 orange demons
  5 smoke demons
  8 storm dragon simulacra (IceCv)
  A guardian serpent (Snake:3)
  A cane toad (shapeshifter) (Vaults:5)
  A gargoyle (D:13)
  Psyche (D:12)
  42 yaktaurs
  2 unseen horrors
  A hellion (Depths:2)
  A minotaur zombie (Gauntlet)
  17 komodo dragons
  A death yak zombie (Crypt:3)
  A steelbarb worm zombie (Crypt:2)
  2 efreet (Abyss:3)
  3 tengu conjurers
  6 freezing wraiths
  26 guardian mummies
  3 golden dragon simulacra (IceCv)
  A pale draconian skeleton (Crypt:2)
  4 tyrant leeches (Lair:5)
  A polar bear (shapeshifter) (Vaults:5)
  A tengu simulacrum (Depths:4)
  6 meliai
  A queen bee (shapeshifter) (D:15)
  7 trolls
  5 wind drakes
  2 ancient zymes (Abyss:3)
  A wind drake (shapeshifter) (D:13)
  27 merfolk
  A shadow dragon simulacrum (Depths:4)
  7 snapping turtles
  A harpy skeleton (Crypt:2)
  19 blink frogs
  A frost giant simulacrum (Depths:2)
  6 raiju (Abyss:3)
  8 hornets
  35 flying skulls
  A great orb of eyes zombie (Crypt:3)
  A tarantella zombie (Crypt:2)
  77 slime creatures
  8 dream sheep
  12 small abominations
  A culicivora (shapeshifter) (Elf:2)
  Sigmund (D:5)
  3 air elementals
  A guardian serpent skeleton (Crypt:3)
  3 ynoxinuls (Abyss:3)
  A shadow (D:12)
  3 wyverns
  40 yaks
  A spriggan (shapeshifter) (Vaults:5)
  2 vampires
  A human (shapeshifter) (Depths:3)
  9 ushabtiu (Crypt:3)
  5 water elementals
  9 wraiths
  Eustachio (D:5)
  4 fire elementals
  A fire bat (Abyss:3)
  16 humans (D:13)
  16 vampire mosquitoes
  5 neqoxecs
  A steam dragon (D:8)
  9 wargs
  A chaos spawn (Gauntlet)
  A naga skeleton (Crypt:1)
  13 water moccasins
  49 nagas
  A hell hound (Zot:1)
  A floating eye (Depths:1)
  A deep troll skeleton (Crypt:1)
  46 orc warriors
  5 ice beasts
  A cane toad skeleton (Crypt:3)
  A sky beast (D:7)
  7 ice dragon simulacra (IceCv)
  2 black bears
  3 boggarts (D:14)
  An elephant skeleton (Crypt:2)
  4 ogres
  8 wolves (Lair:1)
  15 centaurs
  A phantom (D:6)
  Blork the orc (D:5)
  15 bullfrogs
  9 scorpions
  An earth elemental (Elf:2)
  A komodo dragon skeleton (Crypt:3)
  2 necrophages
  A gnoll sergeant (D:8)
  4 wights (D:8)
  12 killer bees
  3 lindwurm simulacra (IceCv)
  5 howler monkeys
  7 electric eels
  A quasit (Abyss:3)
  A jelly (D:6)
  Crazy Yiuf (D:3)
  2 gnoll boudas
  23 orc priests
  7 hounds
  A black bear zombie (Crypt:2)
  An iron imp (Abyss:3)
  5 starcursed masses (Abyss:3)
  Terence (D:3)
  4 iguanas
  44 orc wizards
  A statue (D:9)
  A naga zombie (Crypt:1)
  An ogre zombie (Crypt:3)
  18 mummies (Crypt:3)
  A howler monkey zombie (Crypt:2)
  Robin (D:2)
  A howler monkey skeleton (Crypt:2)
  11 gnolls
  A swamp drake zombie (Crypt:1)
  9 adders
  3 river rats (Sewer)
  2 shadow imps (D:7)
  2 white imps (D:5)
  5 ufetubi
  A lava snake skeleton (Crypt:3)
  A worm (D:2)
  2 dart slugs
  127 orcs
  14 ball pythons
  5 bats
  8 endoplasms
  7 giant cockroaches
  12 goblins
  8 hobgoblins
  9 jackals
  5 quokkas
  4 frilled lizards
  A giant cockroach zombie (Crypt:1)
  A hobgoblin skeleton (Crypt:2)
  25 kobolds
  27 rats
  A lurking horror (Abyss:3)
  5 starspawn tentacles (Abyss:3)
  5 tentacles (Shoals:1)
2664 creatures vanquished.

Vanquished Creatures (collateral kills)
  8 vault guards (Vaults:5)
  An ironbound convoker (Vaults:5)
9 creatures vanquished.

Vanquished Creatures (others)
  Nessos (D:13)
  A deep elf knight (Elf:2)
  A deep elf pyromancer (Elf:2)
  A wizard (Vaults:4)
  A deep elf zephyrmancer (Elf:1)
  A manticore (D:15)
  An orc sorcerer (Orc:2)
  A wind drake (Shoals:4)
  2 air elementals
  A spriggan (Depths:2)
  A small abomination (Abyss:3)
  2 foxfires (Abyss:3)
  32 fungi
  127 plants
  10 starspawn tentacles (Abyss:3)
  10 tentacles (Shoals:1)
  45 withered plants
238 creatures vanquished.

Grand Total: 2911 creatures vanquished

Notes
Turn   | Place    | Note
-------+----------+-------------------------------------------
     0 | D:1      | MCDelver the Hill Orc Fighter began the quest for the Orb.
     0 | D:1      | Reached XP level 1. HP: 19/19 MP: 1/1
    90 | D:1      | Reached XP level 2. HP: 27/27 MP: 2/2
   623 | D:1      | Reached XP level 3. HP: 33/33 MP: 3/3
   986 | D:2      | Noticed Robin
  1000 | D:2      | Killed Robin
  1001 | D:2      | Reached XP level 4. HP: 9/40 MP: 4/4
  1001 | D:2      | Gained mutation: You have sharp fingernails. [potion of
                  | mutation]
  1001 | D:2      | Gained mutation: Your muscles are strong. (Str +4, Int/Dex
                  | -1) [potion of mutation]
  1001 | D:2      | Gained mutation: Your muscles are very strong. (Str +8,
                  | Int/Dex -2) [potion of mutation]
  1001 | D:2      | Gained mutation: You have sharp toenails. [potion of
                  | mutation]
  1171 | D:2      | Found a hide-covered altar of Uskayaw.
  1495 | D:2      | Reached XP level 5. HP: 47/47 MP: 5/5
  1702 | D:3      | Noticed Terence
  1711 | D:3      | Killed Terence
  1789 | D:3      | Identified the +11 hand axe of Bankruptcy {venom, rCorr
                  | Dex+2}
  1968 | D:3      | Found a runed translucent door.
  1969 | D:3      | Noticed Crazy Yiuf
  2196 | D:3      | Killed Crazy Yiuf
  2197 | D:3      | Reached skill level 5 in Fighting
  2197 | D:3      | Reached XP level 6. HP: 37/56 MP: 6/6
  2582 | D:4      | Identified the ring "Zoraz" {rPois rC+ Str-3 Dex-2 SInv}
  2671 | D:4      | Reached skill level 5 in Axes
  2715 | D:4      | Noticed a black bear
  2718 | D:4      | Killed a black bear
  2719 | D:4      | Reached skill level 5 in Armour
  2719 | D:4      | Reached skill level 5 in Shields
  2719 | D:4      | Reached XP level 7. HP: 60/61 MP: 7/7
  2874 | D:4      | Found a staircase to the Ecumenical Temple.
  2884 | Temple   | Entered the Ecumenical Temple
  2894 | Temple   | Became a worshipper of Qazlal Stormbringer
  3084 | D:5      | Entered Level 5 of the Dungeon
  3097 | D:5      | Reached XP level 8. HP: 53/71 MP: 8/8
  3126 | D:5      | Noticed an unseen horror
  3135 | D:5      | Killed an unseen horror
  3169 | D:5      | Found a glowing drain.
  3280 | Sewer    | Entered a sewer
  3306 | Sewer    | Reached * piety under Qazlal
  3483 | Sewer    | Reached ** piety under Qazlal
  3837 | D:5      | Reached skill level 10 in Axes
  3957 | D:5      | Reached XP level 9. HP: 81/81 MP: 9/9
  3997 | D:5      | Noticed Eustachio
  4002 | D:5      | Reached *** piety under Qazlal
  4016 | D:5      | Killed Eustachio
  4065 | D:5      | Noticed Sigmund
  4072 | D:5      | Killed Sigmund
  4273 | D:5      | Noticed Blork the orc
  4277 | D:5      | Killed Blork the orc
  4283 | D:5      | Found a shimmering blue altar of Sif Muna.
  4315 | D:5      | Identified the +8 spear of Powerful Tender Mercy {spect,
                  | Int+3 Stlth+}
  4378 | D:5      | Found an ornate altar of the Wu Jian Council.
  4725 | D:6      | Found Apsou's Armour Emporium.
  4953 | D:6      | Found a bloodstained altar of Trog.
  5226 | D:7      | Noticed clease's ghost (novice DsGl)
  5228 | D:7      | Found a transporter.
  5248 | D:7      | Found a transporter.
  5291 | D:7      | Noticed Joseph
  5293 | D:7      | Reached XP level 10. HP: 72/93 MP: 10/10
  5296 | D:7      | Reached skill level 10 in Fighting
  5316 | D:7      | Killed Joseph
  5399 | D:7      | Identified the +9 hand axe of Tutzi {flame, rElec Will-
                  | MP+9 Str+3}
  5550 | D:7      | Reached **** piety under Qazlal
  5680 | D:7      | Reached skill level 1 in Invocations
  5869 | D:8      | Identified the ring "Ytodgh" {rPois Will+ EV+5 Int+3
                  | Stlth-}
  6131 | D:8      | Reached skill level 5 in Invocations
  6174 | D:8      | Found an opulent altar of Gozag.
  6505 | D:8      | Found an ancient bone altar of Kikubaaqudgha.
  6910 | D:9      | Paralysed by a hornet for 2 turns
  6916 | D:9      | Reached XP level 11. HP: 100/104 MP: 16/16
  7060 | D:9      | Found a radiant altar of Vehumet.
  7068 | D:9      | Reached ***** piety under Qazlal
  7125 | D:9      | You fall into a shaft and drop 2 floors!
  7154 | D:11     | Found a shadowy altar of Dithmenos.
  7184 | D:10     | Entered Level 10 of the Dungeon
  7256 | D:10     | Found Doih's Armour Emporium.
  7289 | D:10     | Noticed a two-headed ogre
  7295 | D:10     | Killed a two-headed ogre
  7296 | D:10     | Reached skill level 10 in Invocations
  8180 | D:11     | Found Cuiraq's Jewellery Shoppe.
  8194 | D:11     | Found a staircase to the Lair.
  8228 | D:11     | Noticed Maurice
  8239 | D:11     | Killed Maurice
  8267 | D:11     | Noticed a two-headed ogre
  8274 | D:11     | Killed a two-headed ogre
  8337 | D:11     | Noticed a boulder beetle
  8347 | D:11     | Killed a boulder beetle
  8424 | D:11     | Paralysed by an orc for 2 turns
  8586 | D:11     | Found a staircase to the Orcish Mines.
  8852 | D:11     | Noticed a two-headed ogre
  8858 | D:11     | Killed a two-headed ogre
  8859 | D:11     | Reached XP level 12. HP: 100/115 MP: 19/19
  8926 | Lair:1   | Entered Level 1 of the Lair of Beasts
 10020 | Lair:2   | Found a staircase to the Snake Pit.
 10197 | Lair:2   | Reached skill level 10 in Armour
 10244 | Lair:2   | Noticed a four-headed hydra
 10251 | Lair:2   | Killed a one-headed hydra
 10644 | Lair:2   | Found a runed translucent gate.
 10644 | Lair:2   | Found a runed translucent gate.
 10644 | Lair:2   | Found a runed translucent gate.
 10646 | Lair:2   | Found a staircase to the Shoals.
 10653 | Lair:2   | Noticed cheburek's ghost (journeyman AtFi)
 10751 | Lair:2   | Found a shadowy altar of Dithmenos.
 10944 | Lair:2   | Killed cheburek's ghost
 11146 | D:6      | Bought the +8 chain mail of the Demon Prince {rC+ Str+3}
                  | for 972 gold pieces
 11380 | Lair:3   | Reached XP level 13. HP: 96/125 MP: 20/20
 11419 | Lair:3   | Found a gate leading to a gauntlet.
 11430 | Gauntlet | Entered a Gauntlet
 11430 | Gauntlet | Found a transporter.
 11430 | Gauntlet | Found a transporter.
 11454 | Gauntlet | Found a transporter.
 11455 | Gauntlet | Found a transporter.
 11455 | Gauntlet | Found a transporter.
 11458 | Gauntlet | Found a transporter.
 11466 | Gauntlet | Found a transporter.
 11467 | Gauntlet | Found a transporter.
 11469 | Gauntlet | Found a transporter.
 11469 | Gauntlet | Found a transporter.
 11475 | Gauntlet | Found a runed translucent gate.
 11477 | Gauntlet | Found a transporter.
 11477 | Gauntlet | Found a transporter.
 11478 | Gauntlet | Found a runed translucent gate.
 11479 | Gauntlet | Found a runed translucent gate.
 11506 | Gauntlet | Found the +2 pair of slick slippers {slick, slippery, EV+5}
 11569 | Gauntlet | Noticed an ettin
 11606 | Gauntlet | an alligator changed into an ettin
 11606 | Gauntlet | Noticed an ettin (shapeshifter)
 11713 | Gauntlet | an ettin changed into a slime creature
 11941 | Gauntlet | Noticed a minotaur
 11961 | Gauntlet | Killed a minotaur
 11962 | Gauntlet | Reached skill level 15 in Fighting
 12043 | Gauntlet | Identified the amulet "Bynigaka" {Reflect rElec SH+5}
 12929 | Lair:4   | Reached skill level 1 in Throwing
 13152 | Lair:4   | Found a staircase to the Slime Pits.
 13152 | Lair:4   | Found a viscous altar of Jiyva.
 13349 | Lair:4   | Reached ****** piety under Qazlal
 13803 | Lair:5   | Entered Level 5 of the Lair of Beasts
 13835 | Lair:5   | Reached skill level 5 in Throwing
 13842 | Lair:5   | Reached XP level 14. HP: 131/137 MP: 21/21
 15076 | Orc:1    | Entered Level 1 of the Orcish Mines
 15221 | Orc:2    | Entered Level 2 of the Orcish Mines
 15403 | Orc:2    | Found a roughly hewn altar of Beogh.
 15475 | Orc:2    | Found a roughly hewn altar of Beogh.
 15480 | Orc:2    | Found Hofusosuh's General Store.
 15485 | Orc:2    | Noticed an orc warlord
 15516 | Orc:2    | Killed an orc warlord
 15685 | Orc:2    | Found Fasotepp's Assorted Antiques.
 15697 | Orc:2    | Bought 2 scrolls of teleportation for 138 gold pieces
 15769 | Orc:2    | Found a staircase to the Elven Halls.
 15828 | Orc:2    | Found Ukkix's Antique Weapon Shop.
 15853 | Orc:2    | Found Edaosud's Book Shop.
 15903 | Orc:2    | Found Cinougao's Antique Armour Shop.
 16130 | D:12     | Reached skill level 10 in Throwing
 16155 | D:12     | Reached XP level 15. HP: 142/147 MP: 22/22
 16193 | D:12     | Noticed Psyche
 16216 | D:12     | Killed Psyche
 17214 | D:13     | Noticed Urug
 17231 | D:13     | Killed Urug
 17232 | D:13     | Noticed Rupert
 17633 | Snake:1  | Entered Level 1 of the Snake Pit
 19443 | Snake:2  | Found a frozen archway.
 19469 | IceCv    | Entered an ice cave
 19478 | IceCv    | Reached XP level 16. HP: 150/159 MP: 23/23
 20189 | IceCv    | Noticed a golden dragon
 20210 | IceCv    | Killed a golden dragon
 20211 | IceCv    | Reached skill level 10 in Shields
 20238 | IceCv    | Identified the ring "Koacza" {Fly Str+5 Int-5}
 21736 | Snake:3  | Noticed Donald
 21754 | Snake:3  | Killed Donald
 22028 | Snake:3  | Noticed Vashnia
 22059 | Snake:3  | Killed Vashnia
 22410 | Snake:3  | Reached XP level 17. HP: 162/169 MP: 27/27
 23089 | Snake:4  | Entered Level 4 of the Snake Pit
 23530 | Snake:4  | Reached skill level 15 in Invocations
 24577 | Snake:4  | Identified a scroll of acquirement
 24577 | Snake:4  | Acquired a +2 pair of gloves of infusion
 24737 | Snake:4  | Got a serpentine rune of Zot
 25088 | Shoals:1 | Entered Level 1 of the Shoals
 25404 | Shoals:1 | Noticed Nikola
 25443 | Shoals:1 | Killed Nikola
 25838 | Shoals:1 | Noticed a kraken
 25850 | Shoals:1 | Killed a kraken
 25851 | Shoals:1 | Reached XP level 18. HP: 151/180 MP: 19/30
 26038 | Shoals:1 | Found Irauskat's Distillery.
 26048 | Shoals:1 | Bought a potion of haste for 170 gold pieces
 26048 | Shoals:1 | Bought a potion of magic for 136 gold pieces
 26745 | Shoals:2 | Reached skill level 15 in Armour
 27972 | Shoals:3 | Found Meiwnoj's Mass Market.
 28334 | Shoals:3 | Found Sikandar's Dragon-Slaying Spoils.
 28537 | Shoals:3 | Bought +0 gold dragon scales for 1600 gold pieces
 29090 | Shoals:4 | Entered Level 4 of the Shoals
 29101 | Shoals:4 | Noticed Polyphemus
 29113 | Shoals:4 | Killed Polyphemus
 29524 | Shoals:4 | Reached skill level 15 in Axes
 30027 | Shoals:4 | Found Ygael's Vocational Training.
 30314 | Shoals:4 | Got a barnacled rune of Zot
 30514 | D:13     | Found a gate to the Vaults.
 30516 | D:13     | Noticed Nessos
 30524 | D:13     | Killed Nessos
 30583 | D:13     | Killed Rupert
 30584 | D:13     | Reached XP level 19. HP: 168/189 MP: 17/31
 31169 | D:14     | Found Vehee's Jewellery Shop.
 31189 | D:14     | Noticed Louise
 31193 | D:14     | Killed Louise
 31232 | D:14     | Found Fetyxuk's Armour Shop.
 31368 | D:14     | Found Reess's Magic Scroll Emporium.
 31521 | D:14     | Found Xezid's Weapon Emporium.
 31946 | D:15     | Entered Level 15 of the Dungeon
 32270 | D:15     | Found a staircase to the Depths.
 33101 | D:10     | Bought a +2 cloak of preservation for 236 gold pieces
 33247 | Orc:2    | Bought a scroll of brand weapon for 218 gold pieces
 33665 | Elf:1    | Entered Level 1 of the Elven Halls
 33992 | Elf:1    | Reached skill level 15 in Shields
 34018 | Elf:1    | Noticed Agnes
 34025 | Elf:1    | Killed Agnes
 34220 | Abyss:3  | Cast into level 3 of the Abyss (a deep elf sorcerer)
 34230 | Abyss:3  | Found a corrupted altar of Lugonu.
 34235 | Abyss:3  | Found a candlelit altar of Ignis.
 34273 | Abyss:3  | Gained mutation: You are vulnerable to cold. (rC-) [a
                  | neqoxec]
 34275 | Abyss:3  | Gained mutation: Your magical capacity is low. (-10% MP) [a
                  | neqoxec]
 34311 | Abyss:3  | Gained mutation: You sometimes lose your temper in combat.
                  | [a cacodemon]
 34318 | Abyss:3  | Gained mutation: You are frail. (-10% HP) [a cacodemon]
 34323 | Abyss:3  | Gained mutation: Potions are less effective at restoring
                  | your health. [a cacodemon]
 34345 | Abyss:3  | Noticed an ancient lich
 34362 | Abyss:3  | Killed an ancient lich
 34363 | Abyss:3  | Reached XP level 20. HP: 132/181 MP: 0/29
 34371 | Elf:1    | Escaped the Abyss
 34738 | Elf:1    | Found Acvu's Book Boutique.
 34738 | Elf:1    | Found Reunurph's Antique Armour Shop.
 35024 | Elf:1    | Paralysed by an air elemental for 1 turns
 35197 | Elf:1    | Lost mutation: You sometimes lose your temper in combat.
                  | [potion of mutation]
 35197 | Elf:1    | Lost mutation: You are vulnerable to cold. (rC-) [potion of
                  | mutation]
 35197 | Elf:1    | Gained mutation: You occasionally lose the ability to read
                  | scrolls when taking damage. [potion of mutation]
 35197 | Elf:1    | Gained mutation: You passively map a small area around you.
                  | [potion of mutation]
 35198 | Elf:1    | Lost mutation: You have sharp toenails. [potion of
                  | mutation]
 35198 | Elf:1    | Lost mutation: You have sharp fingernails. [potion of
                  | mutation]
 35198 | Elf:1    | Gained mutation: You expend magic power (3 MP) to
                  | strengthen your wands. [potion of mutation]
 35199 | Elf:1    | Lost mutation: Potions are less effective at restoring your
                  | health. [potion of mutation]
 35199 | Elf:1    | Lost mutation: You are frail. (-10% HP) [potion of
                  | mutation]
 35199 | Elf:1    | Lost mutation: Your muscles are very strong. (Str +8,
                  | Int/Dex -2) [potion of mutation]
 35199 | Elf:1    | Gained mutation: You have a somewhat thin skeletal
                  | structure. (Dex +2, Stealth+) [potion of mutation]
 35199 | Elf:1    | Gained mutation: You are partially covered in iridescent
                  | scales. (AC +2) [potion of mutation]
 35199 | Elf:1    | Gained mutation: You possess an exceptional clarity of
                  | mind. [potion of mutation]
 35200 | Elf:1    | Lost mutation: You expend magic power (3 MP) to strengthen
                  | your wands. [potion of mutation]
 35200 | Elf:1    | Lost mutation: You passively map a small area around you.
                  | [potion of mutation]
 35200 | Elf:1    | Lost mutation: You are partially covered in iridescent
                  | scales. (AC +2) [potion of mutation]
 35200 | Elf:1    | Lost mutation: You possess an exceptional clarity of mind.
                  | [potion of mutation]
 35200 | Elf:1    | Lost mutation: Your magical capacity is low. (-10% MP)
                  | [potion of mutation]
 35200 | Elf:1    | Gained mutation: You have sharp toenails. [potion of
                  | mutation]
 35201 | Elf:1    | Lost mutation: You have sharp toenails. [potion of
                  | mutation]
 35201 | Elf:1    | Lost mutation: Your muscles are strong. (Str +4, Int/Dex
                  | -1) [potion of mutation]
 35201 | Elf:1    | Lost mutation: You occasionally lose the ability to read
                  | scrolls when taking damage. [potion of mutation]
 35201 | Elf:1    | Gained mutation: Your magical capacity is low. (-10% MP)
                  | [potion of mutation]
 35201 | Elf:1    | Gained mutation: Your system is resistant to poisons.
                  | (rPois) [potion of mutation]
 35593 | Elf:2    | Noticed Saint Roka
 35622 | Elf:2    | Killed Saint Roka
 35655 | Elf:2    | Paralysed by an air elemental for 1 turns
 35687 | Elf:2    | Found a radiant altar of Vehumet.
 36203 | Elf:2    | Found a huge runed translucent gate.
 36203 | Elf:2    | Found a huge runed translucent gate.
 36214 | Elf:2    | Found a huge runed translucent gate.
 36251 | Elf:2    | Found a portal to a secret trove of treasure.
 36660 | Elf:2    | Found a huge runed translucent gate.
 36660 | Elf:2    | Found a huge runed translucent gate.
 37140 | Elf:3    | Entered Level 3 of the Elven Halls
 37142 | Abyss:3  | Cast into level 3 of the Abyss (+6 battleaxe of distortion)
 37610 | Elf:3    | Escaped the Abyss
 37833 | Elf:3    | Reached XP level 21. HP: 212/212 MP: 27/31
 38716 | Elf:3    | Identified the +0 ring mail "Haicvisku" {Rampage rCorr
                  | Dex-3 SInv}
 38747 | Elf:3    | Identified the amulet "Zeugy" {Reflect rElec Int+3 SH+5}
 38767 | Elf:3    | Identified the +10 hand axe "Piuf" {heavy, rElec Str+2
                  | Dex+2}
 38874 | Elf:3    | Identified the +6 storm dragon scales "Oguse Wie" {-Tele
                  | rElec Int+2 Dex+2}
 38874 | Elf:3    | Identified the ring of Gayxuq {rC+ Str+3 SInv}
 39016 | Elf:3    | Found the +0 pair of fencer's gloves {Riposte Dex+3}
 39018 | Elf:3    | Identified the +10 bardiche "Piakap Maor" {freeze, Int+6
                  | Stlth-}
 39018 | Elf:3    | Found the +9 staff of Wucad Mu {*channel}
 39030 | Elf:3    | Identified the +1 leather armour "Yxke" {*Corrode rC+
                  | Regen+}
 39054 | Elf:3    | Identified the +7 spear of Chagrin {freeze, Dex+5}
 39368 | D:14     | Bought a scroll of acquirement for 624 gold pieces
 39368 | D:14     | Acquired 1030 gold pieces
 39577 | Elf:1    | Bought a runed cloak for 285 gold pieces
 39911 | Vaults:1 | Entered Level 1 of the Vaults
 40512 | Vaults:1 | You fall into a shaft and drop 1 floor!
 40785 | Vaults:2 | Found Gycam's Distillery.
 40862 | Vaults:2 | Found a staircase to the Crypt.
 40958 | Vaults:2 | Reached XP level 22. HP: 223/223 MP: 33/33
 42835 | Vaults:2 | Reached skill level 15 in Throwing
 43334 | Vaults:3 | Found Puitaah's Weapon Shop.
 43403 | Vaults:3 | Bought the +8 mithril axe "Arga" {speed, Will+} for 1356
                  | gold pieces
 43403 | Vaults:3 | Found the +8 mithril axe "Arga" {speed, Will+}
 43515 | Vaults:3 | Identified the ring "Oruaj" {Fire Dex+4}
 43545 | Vaults:3 | Found Liqilaz's Antique Armour Shoppe.
 43563 | Vaults:3 | Noticed Jory
 43577 | Vaults:3 | Killed Jory
 44204 | Vaults:4 | Reached skill level 1 in Evocations
 44281 | Vaults:4 | Reached XP level 23. HP: 178/234 MP: 30/34
 45364 | Depths:1 | Entered Level 1 of the Depths
 45509 | Depths:1 | Reached skill level 5 in Evocations
 45819 | Depths:1 | Acquired 597 gold pieces
 45939 | Depths:1 | Found a one-way gateway to a ziggurat.
 46148 | Depths:1 | Found a gateway to Hell.
 46215 | Depths:1 | Found a runed translucent door.
 46256 | Depths:1 | Found a roughly hewn altar of Beogh.
 46624 | Depths:2 | Found Etubrixt's Book Shoppe.
 46664 | Depths:2 | Noticed the Enchantress
 46677 | Depths:2 | Killed the Enchantress
 46734 | Depths:2 | Noticed a golden dragon
 46744 | Depths:2 | Killed a golden dragon
 46812 | Depths:2 | Noticed a caustic shrike
 46829 | Depths:2 | Killed a caustic shrike
 47304 | Depths:2 | Found a one-way gate leading to the halls of Pandemonium.
 47320 | Depths:2 | Noticed Asterion
 47326 | Depths:2 | Killed Asterion
 47467 | Depths:2 | Reached XP level 24. HP: 212/245 MP: 34/34
 47785 | Depths:3 | Noticed a juggernaut
 47795 | Depths:3 | Noticed a caustic shrike
 47801 | Depths:3 | Killed a juggernaut
 47802 | Depths:3 | Killed a caustic shrike
 48194 | Depths:3 | Found a one-way gate to the infinite horrors of the Abyss.
 48842 | Depths:4 | Entered Level 4 of the Depths
 48850 | Depths:4 | Noticed a juggernaut
 48869 | Depths:4 | Killed a juggernaut
 49366 | Depths:4 | Identified the ring "Pet Poa" {Ice Dex+2}
 49366 | Depths:4 | Noticed Josephina
 49388 | Depths:4 | Killed Josephina
 49863 | Depths:4 | Found a gate to the Realm of Zot.
 50299 | Crypt:1  | Entered Level 1 of the Crypt
 50717 | Crypt:1  | Reached XP level 25. HP: 246/255 MP: 35/35
 51764 | Elf:1    | Bought the +3 crown of Dyrovepreva {rElec Int+2 SInv} for
                  | 1573 gold pieces
 51764 | Elf:1    | Found the +3 crown of Dyrovepreva {rElec Int+2 SInv}
 52107 | Vaults:5 | Entered Level 5 of the Vaults
 52116 | Vaults:5 | Reached skill level 1 in Dodging
 52399 | Vaults:5 | Reached skill level 5 in Dodging
 52427 | Vaults:5 | Identified the +8 flail "Alyggan" {flame, +Blink rF+ Int-5}
 52586 | Vaults:5 | Identified the -1 helmet of the Sky {rN++ Str+4 Int-3}
 52598 | Vaults:5 | Got a silver rune of Zot
 52600 | Vaults:5 | Identified the +5 shortbow of the Narrow God {heavy, rElec
                  | rF- rN+ Int+2}
 52683 | Vaults:5 | Identified the +1 ring mail of Defiance {MP+9 Dex+3 Stlth+}
 52736 | Vaults:5 | Identified the +6 war axe "Lukubequc" {protect, Str+3}
 52998 | Vaults:5 | Identified the +3 helmet "Nunauxku" {rF- rC+ Regen+}
 53123 | Vaults:5 | Noticed a dread lich
 53129 | Vaults:5 | Killed a dread lich
 53198 | Vaults:5 | Identified the ring "Lexatur" {rPois Will+ Int-2 Dex+3}
 53250 | Vaults:5 | Reached XP level 26. HP: 264/264 MP: 35/35
 53257 | Vaults:5 | Identified the +6 morningstar "Mypsad" {spect, rC++ Will-
                  | Int+2}
 53532 | Vaults:5 | Found the +8 trident of the Octopus King {venom, rElec
                  | rPois}
 53548 | Vaults:5 | Got the Catalogue of Shifting Infection
 54312 | Shoals:4 | Bought a manual of Evocations for 1360 gold pieces
 54312 | Shoals:4 | Bought a manual of Invocations for 1360 gold pieces
 54619 | Elf:2    | You paid a toll of 6 scrolls of fog to enter a treasure
                  | trove
 54620 | Trove    | Entered a treasure trove
 54632 | Trove    | Identified the ring of the Unkillable {Contam rN+ Slay+2
                  | SInv}
 54648 | Trove    | Identified the ring of Ciaseug {rPois rF+ rCorr}
 54654 | Trove    | Identified the ring "Buveimun" {AC+4 Str+2}
 54681 | Trove    | Identified the +0 hat "Keiwibloa" {Str+3}
 55638 | Depths:3 | Voluntarily entered the Abyss.
 55739 | Abyss:3  | Reached XP level 27. HP: 254/270 MP: 35/35
 55782 | Abyss:3  | Got an abyssal rune of Zot
 55789 | Depths:3 | Escaped the Abyss
 56071 | Slime:1  | Entered Level 1 of the Pits of Slime
 56204 | Slime:5  | Entered Level 5 of the Pits of Slime
 56253 | Slime:5  | Noticed the Royal Jelly
 56263 | Slime:5  | Killed the Royal Jelly
 56271 | Slime:5  | Gained mutation: Your flesh is heat resistant. (rF+) [a
                  | shining eye]
 56282 | Slime:5  | Gained mutation: Your body sometimes deteriorates upon
                  | taking damage. [a shining eye]
 56285 | Slime:5  | Gained mutation: Your spells are a little easier to cast,
                  | but a little less powerful. [a shining eye]
 56306 | Slime:5  | Gained mutation: Your body often deteriorates upon taking
                  | damage. [a shining eye]
 56619 | Slime:5  | Identified the +9 executioner's axe of Qazlal, Screaming
                  | {holy, Will+ rCorr SInv}
 56626 | Slime:5  | Identified the +1 helmet of the Skies Above {*Slow +Inv
                  | Dex+2 Slay+3 SInv}
 56628 | Slime:5  | Got Zody's Notes on the Escort and Glaciation
 56680 | Slime:5  | Identified the +4 scale mail "Sapaid" {Str+4}
 56685 | Slime:5  | Got a slimy rune of Zot
 56705 | Slime:5  | Identified the +10 flail "Hell-Harrower" {antimagic, Will+
                  | Str+9 Dex+3}
 57229 | Crypt:2  | Noticed Margery
 57262 | Crypt:2  | Killed Margery
 57326 | Crypt:2  | Reached skill level 27 in Invocations
 57483 | Crypt:2  | Identified the amulet of Zidwiubb {Faith Int+4 Dex-2}
 57500 | Crypt:2  | Noticed Frederick
 57516 | Crypt:2  | Killed Frederick
 57992 | Crypt:3  | Entered Level 3 of the Crypt
 58168 | Crypt:3  | Identified the +2 leather armour of Ru's Approval {rPois
                  | Str-5 Slay+5}
 58674 | Crypt:3  | Found a basalt altar of Yredelemnul.
 58971 | Crypt:3  | Identified the +2 halberd of Inquiry {speed, Str+3 SInv
                  | Stlth+}
 58971 | Crypt:3  | Noticed a royal mummy
 58981 | Crypt:3  | Killed a royal mummy
 59406 | Crypt:3  | Found the +13 scythe of Curses {drain, curses, Drain}
 59449 | Crypt:3  | Identified the +2 helmet of the Moon {Fly rF- Str+5}
 59542 | Crypt:3  | Found a staircase to the Tomb.
 59855 | Zot:1    | Entered Level 1 of the Realm of Zot
 60006 | Zot:1    | Noticed Vv
 60043 | Zot:1    | Killed Vv
 60270 | Zot:1    | Noticed an orb of fire
 60272 | Zot:1    | Gained mutation: You do not regenerate when monsters are
                  | visible. [an orb of fire]
 60281 | Zot:1    | Gained mutation: You are vulnerable to cold. (rC-) [an orb
                  | of fire]
 60291 | Zot:1    | Gained mutation: You occasionally shout uncontrollably at
                  | your foes. [an orb of fire]
 60297 | Zot:1    | Killed an orb of fire
 60310 | Zot:1    | Lost mutation: Your flesh is heat resistant. (rF+) [potion
                  | of mutation]
 60310 | Zot:1    | Lost mutation: You occasionally shout uncontrollably at
                  | your foes. [potion of mutation]
 60310 | Zot:1    | Lost mutation: Your spells are a little easier to cast, but
                  | a little less powerful. [potion of mutation]
 60310 | Zot:1    | Gained mutation: You have large cloven feet. [potion of
                  | mutation]
 60311 | Zot:1    | Lost mutation: You do not regenerate when monsters are
                  | visible. [potion of mutation]
 60311 | Zot:1    | Lost mutation: You are vulnerable to cold. (rC-) [potion of
                  | mutation]
 60311 | Zot:1    | Lost mutation: Your magical capacity is low. (-10% MP)
                  | [potion of mutation]
 60311 | Zot:1    | Gained mutation: You are dopey. (Int -2) [potion of
                  | mutation]
 60311 | Zot:1    | Gained mutation: You possess an exceptional clarity of
                  | mind. [potion of mutation]
 60317 | Zot:1    | Noticed Grunn
 60338 | Zot:1    | Killed Grunn
 60475 | Zot:1    | Found a transporter.
 61068 | Zot:2    | Reached skill level 10 in Dodging
 61517 | Zot:2    | Acquired a manual of Translocations
 61768 | Zot:2    | You are sucked into a shaft and drop 2 floors!
 61784 | Zot:4    | Noticed an orb of fire
 61790 | Zot:4    | Killed an orb of fire
 61826 | Zot:3    | Reached skill level 27 in Fighting
 62278 | Zot:3    | Identified the +6 battleaxe of Pattokak {pain, *Slow rElec
                  | Stlth+}
 63008 | Zot:5    | Entered Level 5 of the Realm of Zot
 63980 | Zot:5    | Noticed an orb of fire
 63991 | Zot:5    | Gained mutation: You occasionally lose the ability to drink
                  | potions when taking damage. [an orb of fire]
 63998 | Zot:5    | Killed an orb of fire
 64043 | Zot:5    | Noticed an ancient lich
 64054 | Zot:5    | Killed an ancient lich
 64208 | Zot:5    | Lost mutation: You have large cloven feet. [potion of
                  | mutation]
 64208 | Zot:5    | Lost mutation: You occasionally lose the ability to drink
                  | potions when taking damage. [potion of mutation]
 64208 | Zot:5    | Lost mutation: Your system is resistant to poisons. (rPois)
                  | [potion of mutation]
 64208 | Zot:5    | Gained mutation: Your spells are a little harder to cast,
                  | but a little more powerful. [potion of mutation]
 64208 | Zot:5    | Gained mutation: You have sharp toenails. [potion of
                  | mutation]
 64208 | Zot:5    | Gained mutation: Your spells are harder to cast, but more
                  | powerful. [potion of mutation]
 64228 | Zot:5    | Noticed an orb of fire
 64232 | Zot:5    | Lost mutation: You possess an exceptional clarity of mind.
                  | [an orb of fire]
 64234 | Zot:5    | Killed an orb of fire
 64263 | Zot:5    | Noticed an orb of fire
 64269 | Zot:5    | Gained mutation: Your magical capacity is low. (-10% MP)
                  | [an orb of fire]
 64271 | Zot:5    | Gained mutation: Potions are less effective at restoring
                  | your health. [an orb of fire]
 64274 | Zot:5    | Gained mutation: You are vulnerable to cold. (rC-) [an orb
                  | of fire]
 64274 | Zot:5    | Gained mutation: Your magical capacity is very low. (-20%
                  | MP) [an orb of fire]
 64282 | Zot:5    | Killed an orb of fire
 64292 | Zot:5    | Noticed an orb of fire
 64302 | Zot:5    | Killed an orb of fire
 64402 | Zot:5    | Noticed an ancient lich
 64403 | Zot:5    | Noticed an orb of fire
 64409 | Zot:5    | Killed an ancient lich
 64412 | Zot:5    | Gained mutation: You are weak. (Str -2) [an orb of fire]
 64423 | Zot:5    | Killed an orb of fire
 64498 | Zot:5    | Noticed an ancient lich
 64499 | Zot:5    | Noticed an ancient lich
 64500 | Zot:5    | Noticed an ancient lich
 64501 | Zot:5    | Killed an ancient lich
 64506 | Zot:5    | Killed an ancient lich
 64512 | Zot:5    | Killed an ancient lich
 64636 | Zot:5    | Noticed an orb of fire
 64649 | Zot:5    | Killed an orb of fire
 64682 | Zot:5    | Noticed an ancient lich
 64703 | Zot:5    | Killed an ancient lich
 65102 | Zot:5    | Got the Orb of Zot
 65659 | D:$      | Escaped with the Orb!

Illustrated notes

Levels and vault maps discovered:
D:1:      onia_arrival_pyramid, layout_loops_corners, minmay_stone_trees_large
D:2:      layout_basic, basic_altar, uniq_robin
D:3:      layout_basic, nrook_mini_backslash, uniq_crazy_yiuf_cottage,
          uniq_terence
D:4:      black_bear_nest_2, layout_cave_pools,
          minmay_temple_entry_antechambers, hangedman_minor_gate_pass
D:5:      cheibrodos_fzero, layout_gridville, tgw_sif,
          nzn_wu_jian_contemplation, cheibrodos_sewer_entry_sluice,
          uniq_sigmund, uniq_eustachio
D:6:      layout_loops_cross, trog_hazing_becter, serial_shops,
          nicolae_shop_behind_doors
D:7:      layout_gridville, gammafunk_ghost_arena, uniq_joseph
D:8:      layout_cave_pools, mainiacjoe_overflow_surrounded_room,
          lemuel_coloured_pillars_altar, roderic_roman_lattice,
          chequers_decorated_corner
D:9:      layout_basic, vehumet_statue
D:10:     layout_long_grid, serial_shops, nicolae_diamond_shop,
          dreamdust_princess_bridge
D:11:     layout_roguey, lair_entry_dummy, david_orc_1_choice, serial_shops,
          nicolae_shop_stone, nicolae_dithmenos_shadow_blocks, uniq_maurice
D:12:     layout_rooms, kennysheep_generic_room_3, uniq_psyche
D:13:     minmay_blocky_corners, layout_loops_ring, david_vaults_3
D:14:     layout_long_grid, serial_shops, nicolae_shop_statue_plus,
          nicolae_stop_n_shop_1, shop_fountains, nicolae_shop_hallway_plus,
          hangedman_decor_slide_cut, uniq_louise
D:15:     gammafunk_depths_entry_grave, layout_basic, serial_park_tiny_2,
          dreamdust_princess_corridor
Temple:   regret_index_temple_sphere_string
Lair:1:   layout_cave_pods, wad_woods_road_05, grunt_megastairs_4
Lair:2:   layout_gridlike, minmay_shoals_entry_lonely_mermaid,
          minmay_snake_entry_guardpost_large, ebering_ghost_rock_garden,
          basic_altar
Lair:3:   layout_cave_pods, gauntlet_entry_generic
Lair:4:   layout_gridlike, slime_entry_1, minmay_stone_trees_small, uniq_rupert
Lair:5:   minmay_lair_end_frog_pond, layout_regular_city, st_stairs_7
Shoals:1: layout_shoals, serial_shops, nicolae_shop_waterfront,
          nzn_prometheus_bound, uniq_nikola
Shoals:2: cheibrodos_shoals_three_sisters, layout_shoals,
          nicolae_shoals_hunting_party
Shoals:3: layout_shoals, nicolae_shop_dragon_depot, minmay_shop_mass
Shoals:4: shoals_end_grunt_ice, layout_shoals, nicolae_shop_vocational,
          uniq_polyphemus
Snake:1:  layout_chambers, grunt_megastairs_2
Snake:2:  layout_gridlike, portal_ice_cave_entry_pillars_2,
          guppyfry_snake_island
Snake:3:  layout_basic, lemuel_fruit_tree, uniq_vashnia, uniq_donald
Snake:4:  minmay_snake_end_coiled, layout_cave_town,
          chequers_hall_statues_wall_a, serial_bayou_shore_a
Slime:1:  layout_caves
Slime:2:  layout_caves
Slime:3:  layout_caves
Slime:4:  layout_caves, uniq_dissolution
Slime:5
Orc:1:    layout_caves, lightli_orcish_oven
Orc:2:    grunt_orc_cross, layout_caves, basic_altar, serial_shops,
          nicolae_shop_overgrown_old_shop
Elf:1:    eino_elf_arrival_the_gate, layout_gridlike,
          hangedman_elven_crosses_minicolossus, minmay_shoptagon, uniq_agnes
Elf:2:    elven_hall_of_blades_hangedman_alternative
          [nicolae_blade_entry_pointy_end], layout_geoelf_octagon, basic_altar,
          nicolae_trove_entry_path_of_doom, nicolae_elf_blasts_and_bolts,
          uniq_saint_roka
Elf:3:    minmay_elf_hall_statues, layout_geoelf_diagonals
Vaults:1: nicolae_vaults_little_squares_3, v_misc_26, v_misc_16, v_misc_2,
          v_misc_31, ontoclasm_vaults_ligature, grunt_vaults_hallway_long,
          nicolae_vaults_asterisk, v_misc_3, vaults_mumra_minichess,
          grunt_vaults_swirl, nicolae_vaults_shelves_hall,
          vaults_room_semicircle, nicolae_vaults_murderbox,
          nicolae_vaults_asterisk, nicolae_vaults_little_squares_2,
          layout_vaults_big_room
Vaults:2: minmay_crypt_entry_simple_corners, v_misc_16, vaults_dpeg_spiral,
          vaults_standard_mumra_x, nicolae_vaults_little_squares_1,
          nicolae_vaults_octagons, vaults_room_grunt_arrival_ludios, v_misc_22,
          ontoclasm_vaults_decontamination, nicolae_vaults_circle_grid_b,
          layout_vaults_omnigrid, serial_shops, shop
Vaults:3: ontoclasm_vaults_twist, v_misc_17, v_misc_24,
          nicolae_vaults_little_squares_2, vaults_mumra_hexcomb,
          vaults_dpeg_ring, dpeg_vaults_monster_box,
          nicolae_vaults_shelves_hall, hangedman_vaults_nodes, v_rooms_3,
          hangedman_vaults_nails, nicolae_vaults_three_branches,
          vaults_mumra_chevron_long, ontoclasm_vaults_idyll,
          layout_vaults_maze_bifur, serial_shops, shop, uniq_jory
Vaults:4: vaults_room_boxed, hangedman_vaults_cutoff, hangedman_vaults_stitches,
          nicolae_vaults_ring_of_whatevers, v_rooms_6,
          nicolae_vaults_hallways_thing, grunt_vaults_funnel,
          nicolae_vaults_network_s, ontoclasm_vaults_gateway,
          nicolae_vaults_little_squares_4, layout_vaults_omnibox
Vaults:5: serial_shops
Crypt:1:  layout_gridlike, st_stairs_11, minmay_misc_feat_hallway,
          st_shrine_of_skulls, grunt_crypt_arrival_split
Crypt:2:  layout_chaotic_city, uniq_margery, uniq_frederick
Crypt:3:  church_of_pain_bobbens, layout_chaotic_city,
          tomb_entry_forgotten_bobbens, palyth_stone_intersect
Depths:1: layout_roguey, enter_ziggurat_e, kennysheep_big_empty_room,
          hangedman_tar_grid_catacomb, lightli_church_of_beogh
Depths:2: evilmike_lava_path, layout_basic, hellmouth_2, rand_demon_pan_entry_1,
          serial_sigils_hangedman_scratch, minmay_shop_grid_forest,
          nicolae_figureground_sparkle, infiniplex_staircase_pillars_3b,
          uniq_enchantress, uniq_asterion
Depths:3: minmay_dotted_concentric_squares, layout_long_grid, hell_entry,
          minmay_misc_feat_rugged, nicolae_abyss_entry_one_way_or_another
Depths:4: grunt_twist_and_shout, layout_gridville, hangedman_coc_ice_floe,
          hangedman_decor_diamond_cutter, uniq_josephina
Zot:1:    layout_twisted_circle, nicolae_diode_basic, uniq_grunn, uniq_vv
Zot:2:    layout_concentric_octagons, bh_zot_lava_cross
Zot:3:    layout_misc_corridors
Zot:4:    kennysheep_bubbly, layout_onion_interference, drop_trap
Zot:5:    layout_twisted_circle

Skill      XL: |  1  2  3  4  5  6  7  8  9 10 11 12 13 14 15 16 17 18 19 20 21 22 23 24 25 26 27 |
---------------+----------------------------------------------------------------------------------+-----
Axes           | 3 4 5 7 10 13 14 16 18 19 | 19.0
Fighting       | 4 5 6 8 9 12 13 14 16 17 18 19 20 21 22 23 24 25 26 27 | 27.0
Armour         | 4 5 7 11 12 13 14 15 16 17 19 25 | 25.7
Shields        | 4 5 6 8 9 11 12 13 15 16 17 18 19 20 21 25 | 25.5
Invocations    | 7 10 13 16 17 19 21 22 24 25 27 | 27.0
Throwing       | 5 10 13 14 15 16 | 16.6
Evocations     | 2 9 |  9.0
Dodging        | 7 12 | 12.0

Action                     |  1- 3 |  4- 6 |  7- 9 | 10-12 | 13-15 | 16-18 | 19-21 | 22-24 | 25-27 || total
---------------------------+-------+-------+-------+-------+-------+-------+-------+-------+-------++-------
  Melee: War axe           |    80 |    66 |       |       |       |       |       |       |       ||   146
         Kick              |       |    19 |    32 |       |       |       |       |       |       ||    51
         Hand axe          |       |    46 |   220 |   502 |  1092 |  1145 |     5 |       |       ||  3010
         Broad axe         |       |       |       |       |       |   168 |   997 |  1340 |  2044 ||  4549
  Throw: Javelin           |       |     3 |    17 |       |       |    13 |    34 |    44 |   104 ||   215
         Boomerang         |       |       |       |       |     3 |    48 |       |       |       ||    51
 Invoke: Upheaval          |       |       |       |       |    10 |    15 |     6 |    21 |    27 ||    79
         Disaster Area     |       |       |       |       |       |     2 |       |     2 |    10 ||    14
         Elemental Force   |       |       |       |       |       |       |       |       |     2 ||     2
  Evoke: Wand              |       |       |       |       |       |       |     1 |       |     1 ||     2
         Condenser vane    |       |       |       |       |       |       |     1 |       |     1 ||     2
    Use: Potion            |     1 |     2 |     3 |     3 |     2 |     3 |     5 |       |    26 ||    45
         Scroll            |       |       |     5 |    11 |     7 |    16 |    11 |     4 |     7 ||    61
   Stab: Distracted        |       |       |       |       |       |     1 |     8 |     6 |       ||    15
         Petrified         |       |       |       |       |       |     2 |       |       |       ||     2
 Armour: Scale mail        |    45 |    51 |    88 |    25 |       |       |       |       |       ||   209
         Plate armour      |       |       |       |    82 |       |       |       |       |       ||    82
         Chain mail        |       |       |       |     2 |   151 |   196 |       |       |       ||   349
         Gold dragon scale |       |       |       |       |       |   108 |   195 |   192 |   326 ||   821
  Dodge: Dodged            |    42 |    65 |    90 |   157 |   309 |   504 |   222 |   180 |   389 ||  1958
         Repelled          |       |       |       |     2 |     6 |    32 |    17 |    13 |    41 ||   111
  Block: Buckler           |    26 |    16 |    69 |   164 |   615 |    85 |       |       |       ||   975
         Reflection        |       |       |       |       |    36 |   137 |   125 |    67 |       ||   365
         Kite shield       |       |       |       |       |       |  1050 |   809 |   902 |   206 ||  2967
         Tower shield      |       |       |       |       |       |       |       |       |  1189 ||  1189
Riposte: Broad axe         |       |       |       |       |       |       |    27 |   265 |   470 ||   762

Table legend: (Time is in decaauts)
 A = Elapsed time spent in this place.
 B = Non-inter-level travel time spent in this place.
 C = Inter-level travel time spent in this place.
 D = Time resting spent in this place.
 E = Time spent auto-exploring this place.
 F = Levels seen in this place.
 G = Mean time per level.
                   A        B        C        D        E       F      G
               +--------+--------+--------+--------+--------+-----+--------+
         Total |  63125 |  55252 |   7873 |   4716 |  37664 |  63 | 1002.0 |
       Dungeon |  14041 |  11999 |   2042 |    529 |   8930 |  15 |  936.1 |
        Temple |     20 |     20 |      0 |      0 |      2 |   1 |   20.0 |
          Lair |   6045 |   4581 |   1464 |     17 |   3747 |   5 | 1209.0 |
        Shoals |   5220 |   4762 |    458 |    279 |   3501 |   4 | 1305.0 |
     Snake Pit |   6266 |   5955 |    311 |    927 |   3744 |   4 | 1566.5 |
    Slime Pits |    732 |    684 |     48 |    259 |    204 |   5 |  146.4 |
  Orcish Mines |   1729 |   1235 |    494 |    105 |    910 |   2 |  864.5 |
   Elven Halls |   5426 |   4725 |    701 |    952 |   2680 |   3 | 1808.7 |
        Vaults |   7969 |   6603 |   1366 |    178 |   5248 |   5 | 1593.8 |
         Crypt |   3267 |   3076 |    191 |    187 |   1927 |   3 | 1089.0 |
        Depths |   4785 |   4181 |    604 |     18 |   3321 |   4 | 1196.2 |
           Zot |   4735 |   4546 |    189 |    706 |   2601 |   5 |  947.0 |
         Abyss |    701 |    701 |      0 |    241 |      7 |   3 |  233.7 |
         Trove |    207 |    207 |      0 |      0 |     88 |   1 |  207.0 |
         Sewer |    502 |    502 |      0 |      0 |    337 |   1 |  502.0 |
      Ice Cave |    848 |    848 |      0 |    287 |    255 |   1 |  848.0 |
      Gauntlet |    624 |    624 |      0 |     31 |    158 |   1 |  624.0 |
               +--------+--------+--------+--------+--------+-----+--------+

Top non-repeatable levels by time:
Vaults:1: 2316 daAuts
   Elf:2: 1953 daAuts
  Lair:1: 1907 daAuts
   Elf:1: 1868 daAuts
   Zot:5: 1804 daAuts
 Snake:4: 1801 daAuts
Vaults:2: 1731 daAuts
 Snake:1: 1717 daAuts
   Elf:3: 1603 daAuts
    D:11: 1590 daAuts
Vaults:5: 1584 daAuts
Shoals:2: 1535 daAuts
 Snake:3: 1495 daAuts
 Crypt:3: 1457 daAuts
Depths:2: 1396 daAuts
